 Dungeon Crawl Stone Soup version 0.30-b1-2-g02819fbbbe (webtiles) character file.

Game seed: 261434405988132156

285 septik the Chopper (level 6, -5/55 HPs)
             Began as a Minotaur Berserker on June 29, 2023.
             Was a Priest of Trog.
             Shot with an arrow by a centaur (15 damage)
             ... on level 5 of the Dungeon.
             The game lasted 00:05:35 (3231 turns).

septik the Chopper (Minotaur Berserker)             Turns: 3231, Time: 00:05:36

Health: -5/55      AC: 10    Str: 23    XL:     6   Next: 7%
Magic:  5/5        EV:  9    Int:  4    God:    Trog [***...]
Gold:   213        SH:  0    Dex: 10    Spells: 5/5 levels left

rFire   . . .        z - +3 hand axe
rCold   . . .        (no shield)
rNeg    . . .        g - +0 chain mail
rPois   .            (helmet restricted)
rElec   .            (no cloak)
rCorr   .            p - +0 pair of gloves
SInv    .            (no boots)
Will    .....        (no amulet) Stlth
                     (no ring)
HPRegen 0.29/turn    (no ring)
MPRegen 0.09/turn

%: no passive effects
@: no status effects
A: horns 2, retaliatory headbutt
a: Renounce Religion, Berserk, Trog's Hand


You were on level 5 of the Dungeon.
You worshipped Trog.
Trog was most pleased with you.
You visited 1 branch of the dungeon, and saw 5 of its levels.

You collected 213 gold pieces.

Inventory:

Hand Weapons
 r - a +0 sling
 z - a +3 hand axe (weapon)
Missiles
 a - a throwing net
 h - 5 silver javelins (quivered)
 n - 22 stones
Armour
 b - a +0 animal skin
 g - a +0 chain mail (worn)
 p - a +0 pair of gloves (worn)
Jewellery
 q - a ring of fire
Scrolls
 e - 2 scrolls of magic mapping {unknown}
 f - 9 scrolls of identify {unknown}
 j - 3 scrolls of immolation {unknown}
 k - a scroll of silence {unknown}
 m - a scroll of amnesia {unknown}
 s - a scroll of enchant weapon {unknown}
 t - 2 scrolls of fear {unknown}
 x - a scroll of noise {unknown}
 y - 2 scrolls of teleportation {unknown}
Potions
 c - 5 potions of lignification {unknown}
 d - a potion of mutation {unknown}
 i - a potion of ambrosia {unknown}
 l - 2 potions of attraction {unknown}
 o - 2 potions of cancellation {unknown}
 u - a potion of haste {unknown}
 v - 3 potions of curing {unknown}
 w - a potion of might {unknown}


   Skills:
 + Level 4.9 Fighting
 * Level 5.9 Axes
 + Level 4.0 Armour
 + Level 3.6 Dodging


You had 5 spell levels left.
You didn't know any spells.
Your spell library was empty.

Dungeon Overview and Level Annotations

Branches:
Dungeon (5/15)
 Temple: D:4-7

Altars:


Innate Abilities, Weirdness & Mutations

You have a pair of horns on your head.
You reflexively headbutt those who attack you in melee.


Message History

The sleepcap releases spores at you!
You wake up.
You are engulfed in a cloud of soporific spores!
You are unaffected.
You hit the sleepcap.
You headbutt the sleepcap, but do no damage.
The sleepcap is almost destroyed.
The sleepcap releases spores at you.
You are engulfed in a cloud of soporific spores!
You are unaffected.
You hit the sleepcap.
You destroy the sleepcap!
Trog accepts your kill.
Your Armour skill increases to level 4!
You have reached level 6!
HP restored.
Done exploring.
Done exploring.
No target in view!
No target in view!
No target in view!
There is a stone staircase leading down here.
You climb downwards.
There is a stone staircase leading up here.
You slash the ufetubus!
You kill the ufetubus!
Trog accepts your kill.
No target in view!
Found a stone staircase leading up.
A centaur comes into view.
Found a runed dagger.
The centaur shouts!
You hear a shout! x2
The centaur wields a +1 shortbow of electrocution.
You hear the crackle of electricity.
The centaur shoots an arrow.
The arrow hits you!
You are electrocuted!!
A centaur is nearby!
The centaur shoots an arrow.
The arrow hits you!
The centaur shoots an arrow.
The arrow hits you!
* * * LOW HITPOINT WARNING * * *
You are electrocuted!
You die...

#............
###.........c.
#...........#
............#
.<.........#
#........+
#.......#
#)..#...# ##.
#@#.# #
#......#
#...#.....#
#...##...##
##### #....
.... ... .#


You could see a centaur.

Vanquished Creatures
  A sleepcap (D:4)
  An iguana (D:4)
  2 orc wizards (D:4)
  3 gnolls (D:4)
  6 adders
  An ufetubus (D:5)
  A worm (D:2)
  5 dart slugs
  8 orcs (D:4)
  3 ball pythons
  11 endoplasms
  2 giant cockroaches (D:3)
  5 goblins
  7 hobgoblins
  6 kobolds
  2 quokkas
  4 bats
  5 frilled lizards
  7 rats
80 creatures vanquished.

Notes
Turn   | Place    | Note
-------+----------+-------------------------------------------
     0 | D:1      | septik the Minotaur Berserker began the quest for the Orb.
     0 | D:1      | Reached XP level 1. HP: 19/19 MP: 0/0
     6 | D:1      | Noticed a komodo dragon
     6 | D:1      | Noticed a lindwurm
     6 | D:1      | Noticed a redback
     7 | D:1      | Noticed a swamp drake
     7 | D:1      | Noticed an anaconda
   292 | D:1      | Reached XP level 2. HP: 27/27 MP: 1/1
   313 | D:1      | Reached skill level 4 in Axes
   956 | D:2      | Reached ** piety under Trog
  1124 | D:2      | Reached XP level 3. HP: 29/33 MP: 2/2
  1722 | D:3      | Reached XP level 4. HP: 40/40 MP: 3/3
  1962 | D:3      | Found a faded altar of an unknown god.
  2265 | D:4      | Reached skill level 5 in Axes
  2375 | D:4      | Reached XP level 5. HP: 38/47 MP: 4/4
  2610 | D:4      | Reached *** piety under Trog
  3067 | D:4      | Reached XP level 6. HP: 31/55 MP: 5/5
  3226 | D:5      | Entered Level 5 of the Dungeon
  3231 | D:5      | Shot with an arrow by a centaur

Illustrated notes

Levels and vault maps discovered:
D:1:      onia_arrival_zoo_common, layout_loops_cross
D:2:      layout_basic
D:3:      layout_basic, chequers_ecumenical_altar_simple
D:4:      layout_loops_ring, serial_glass, glass_columns_b, glass_columns_c
D:5:      layout_cave_pools, minmay_temple_entry_wispy, serial_shops,
          nicolae_shop_rolling_square

Skill      XL: |  1  2  3  4  5 |
---------------+----------------+-----
Axes           | 4 5 |  5.9
Fighting       | 4 |  4.9
Armour         | 3 4 |  4.0
Dodging        | 3 |  3.6

Action                     |  1- 3 |  4- 6 || total
---------------------------+-------+-------++-------
  Melee: Hand axe          |    87 |    82 ||   169
         Headbutt          |     6 |    17 ||    23
         Punch             |     1 |       ||     1
 Invoke: Berserk           |       |     2 ||     2
 Armour: Animal skin       |    13 |       ||    13
         Chain mail        |       |    36 ||    36
  Dodge: Dodged            |    51 |    30 ||    81
